 Dungeon Crawl Stone Soup version 0.30-a0-422-g946f4849ff (webtiles) character file.

Game seed: 10855781126049863571

165 pokeman the Magician (level 5, -2/28 (29) HPs)
             Began as a Deep Elf Hedge Wizard on Dec 8, 2022.
             Killed from afar by an orc wizard (7 damage)
             ... with a magic dart
             ... on level 3 of the Dungeon.
             The game lasted 00:05:13 (2642 turns).

pokeman the Magician (Deep Elf Hedge Wizard)        Turns: 2642, Time: 00:05:14

HP:   -2/28 (29)    AC:  5    Str:  7    XL:     5   Next: 21%
MP:   1/15          EV: 13    Int: 21    God:
Gold: 143           SH:  0    Dex: 14    Spells: 8/16 levels left

rFire   + . .      SeeInvis .    k - +0 broad axe
rCold   . . .      Faith    .    (no shield)
rNeg    . . .      Spirit   .    l - +2 robe {Will+}
rPois   +          Reflect  .    b - +0 helmet
rElec   .          Harm     .    (no cloak)
rCorr   .          Rampage  .    (no gloves)
Will    +....                    (no boots)
Stlth   ++........               (no amulet)
HPRegen 0.24/turn                e - ring of poison resistance
MPRegen 0.14/turn                j - ring of protection from fire

@: on blink cooldown, very slightly contaminated, lightly drained
A: no striking features
a: no special abilities


You were on level 3 of the Dungeon.
You visited 1 branch of the dungeon, and saw 3 of its levels.

You collected 143 gold pieces.

Inventory:

Hand Weapons
 k - a +0 broad axe (weapon)
Armour
 b - a +0 helmet (worn)
 l - a +2 robe of willpower (worn)
 o - a +0 helmet
Jewellery
 e - a ring of poison resistance (left hand)
 j - a ring of protection from fire (right hand)
Wands
 m - a wand of polymorph (6)
Scrolls
 a - a scroll of noise {unknown}
 c - a scroll of torment {unknown}
 g - 2 scrolls of identify {unknown}
 i - a scroll of amnesia {unknown}
 n - a scroll of vulnerability {unknown}
Potions
 d - a potion of magic
 f - a potion of might {unknown}
 h - 2 potions of heal wounds {unknown}


   Skills:
 - Level 1.0 Fighting
 - Level 1.0 Armour
 + Level 3.0 Dodging
 - Level 3.0 Stealth
 * Level 6.1 Spellcasting
 + Level 2.5 Conjurations
 - Level 1.1 Summonings
 - Level 1.1 Translocations
 + Level 0.5 Evocations


You had 8 spell levels left.
You knew the following spells:

 Your Spells              Type           Power      Damage    Failure   Level
a - Magic Dart            Conj           68%        1d6       3%          1
b - Mephitic Cloud        Conj/Pois/Air  10%        N/A       21%         3
c - Call Imp              Summ           11%        N/A       10%         2
d - Blink                 Tloc           22%        N/A       10%         2

Your spell library contained the following spells:

 Spells                   Type           Power      Damage    Failure   Level
 Slow                     Hex            24%        N/A       10%         1
 Cigotuvi's Dreadful Rot  Necr/Pois/Air  12%        N/A       14%         2


Dungeon Overview and Level Annotations

Branches:
Dungeon (3/15)

Altars:

Shops:
D:1 (


Message History

Your Dodging skill increases to level 3!
The adder closely misses you.
You slash the orc wizard!
You kill the orc wizard!
You barely miss the adder. You barely miss something.
You closely miss the necrophage. The adder bites you.
Something hits you but does no damage. The necrophage hits you.
You feel drained. The adder bites you. Something hits you.
* * * LOW HITPOINT WARNING * * *
Your life force feels restored.
The necrophage attacks as you move away!
The necrophage hits you.
* * * LOW HITPOINT WARNING * * *
You feel drained.
Things that are here:
a +0 dagger; a +0 robe; an orc corpse Unknown command.
Casting: Mephitic Cloud (quite dangerous; 21% risk of failure)
Confirm with . or Enter, or press ? or * to list all spells.
You miscast Call Imp.
You are very lightly contaminated with residual magic.
Nothing appears to happen.
The necrophage hits you but does no damage.
Unknown command.
Casting: Call Imp (safe; 10% risk of failure)
Confirm with . or Enter, or press ? or * to list all spells.
A beastly little devil appears in a puff of flame.
The necrophage barely misses you.
Unknown command.
The necrophage attacks as you move away!
The necrophage hits you.
* * * LOW HITPOINT WARNING * * *
Your crimson imp barely misses the necrophage.
Casting: Call Imp (safe; 10% risk of failure)
Confirm with . or Enter, or press ? or * to list all spells.
You blink.
Found a dagger.
Found a stone staircase leading down.
Your crimson imp blinks!
A magic dart appears from out of thin air!
The magic dart hits you!
You die...

##.# ....... #..
..........#.. #.# #.#....
...... ###.# ##....#
.)...
....#####.....###....
........<....###....####
.########..#...........##
.# #....## ##..#.......
## ##.##.####..@........
#..#..#.....S........
###.##.##.!{)..........
###...##.##..n>..........
.†..####.####.##.....>.P.
.#####......)§##.......~P
.# #......#####......~~
## #......# ......~~♣
#......# ......~P♣


You could see a necrophage and an adder.

Vanquished Creatures
  Jessica (D:2)
  Natasha (thrice) (D:2)
  An orc wizard (D:3)
  3 orcs (D:3)
  A bat (D:1)
  4 endoplasms (D:1)
  2 giant cockroaches (D:1)
  4 goblins (D:1)
  2 hobgoblins
  3 quokkas
  5 ball pythons
  2 frilled lizards
  3 kobolds
  5 rats
39 creatures vanquished.

Notes
Turn   | Place    | Note
-------+----------+-------------------------------------------
     0 | D:1      | pokeman the Deep Elf Hedge Wizard began the quest for the
                  | Orb.
     0 | D:1      | Reached XP level 1. HP: 10/10 MP: 7/7
   364 | D:1      | Found Dudemom's Antique Weapon Shoppe.
   381 | D:1      | Reached XP level 2. HP: 16/16 MP: 3/9
  1002 | D:1      | Reached skill level 5 in Spellcasting
  1540 | D:2      | Noticed Jessica
  1546 | D:2      | Killed Jessica
  1547 | D:2      | Reached skill level 1 in Fighting
  1547 | D:2      | Reached skill level 1 in Armour
  1547 | D:2      | Reached XP level 3. HP: 11/20 MP: 6/11
  1551 | D:2      | Learned a level 3 spell: Mephitic Cloud
  1554 | D:2      | Learned a level 2 spell: Call Imp
  1557 | D:2      | Learned a level 2 spell: Blink
  1843 | D:2      | Noticed Natasha
  1852 | D:2      | Killed Natasha
  1853 | D:2      | Reached XP level 4. HP: 25/25 MP: 9/13
  1940 | D:2      | Noticed Natasha
  1946 | D:2      | Killed Natasha
  2309 | D:2      | Noticed Natasha
  2399 | D:2      | Killed Natasha
  2484 | D:3      | Reached skill level 6 in Spellcasting
  2625 | D:3      | Reached XP level 5. HP: 29/29 MP: 11/15
  2642 | D:3      | Killed from afar by an orc wizard

Illustrated notes

Levels and vault maps discovered:
D:1:      amcnicky_arrival_feature_with_door, layout_loops_cross, serial_shops,
          nicolae_shop_stone, chequers_serial_rivers_micro_e, dk_noncrumbling_4,
          minmay_tromino_v4_a
D:2:      layout_loops_ring, nicolae_hexahallways, nicolae_underground_beach,
          uniq_natasha, uniq_jessica
D:3:      layout_rooms, lemuel_tele_altar, serial_shops,
          nicolae_shop_waterfront, serial_bayou, serial_bayou_shore_b,
          serial_bayou_pond_c, serial_bayou_pond_d, serial_bayou_lake_a,
          uniq_sigmund, uniq_grinder

Skill      XL: |  1  2  3  4  5 |
---------------+----------------+-----
Spellcasting   | 5 6 |  6.1
Fighting       | 1 |  1.0
Armour         | 1 |  1.0
Conjurations   | 2 |  2.5
Stealth        | 3 |  3.0
Dodging        | 3 |  3.0
Summonings     | |  1.1
Translocations | |  1.1
Evocations     | |  0.5

Action                   |  1- 3 |  4- 6 || total
-------------------------+-------+-------++-------
Melee: Dagger            |     2 |       ||     2
       Broad axe         |     4 |    15 ||    19
 Cast: Magic Dart        |    80 |    19 ||    99
       Mephitic Cloud    |     1 |     3 ||     4
       Call Imp          |       |     2 ||     2
       Blink             |       |     1 ||     1
 Stab: Sleeping          |       |     1 ||     1
Armor: Robe              |       |     7 ||     7
Dodge: Dodged            |    10 |    11 ||    21

Table legend: (Time is in decaauts)
 A = Elapsed time spent in this place.
 B = Non-inter-level travel time spent in this place.
 C = Inter-level travel time spent in this place.
 D = Time resting spent in this place.
 E = Time spent auto-exploring this place.
 F = Levels seen in this place.
 G = Mean time per level.
                   A        B        C        D        E       F      G
               +--------+--------+--------+--------+--------+-----+--------+
         Total |   2638 |   2538 |    100 |      0 |   2238 |   3 |  879.3 |
       Dungeon |   2638 |   2538 |    100 |      0 |   2238 |   3 |  879.3 |
               +--------+--------+--------+--------+--------+-----+--------+

Top non-repeatable levels by time:
     D:1: 1421 daAuts
     D:2: 1053 daAuts
     D:3: 163 daAuts
